 Dungeon Crawl Stone Soup version 0.16.1-28-gcc2312f (webtiles) character file.

82 Kidiri the Magician (level 4, -3/25 HPs)
             Began as a Deep Elf Air Elementalist on May 28, 2015.
             Was an Initiate of Qazlal.
             Slain by a gnoll
             ... wielding a +0 halberd
              (12 damage)
             ... on level 3 of the Dungeon.
             The game lasted 00:20:02 (2315 turns).

Kidiri the Magician (Deep Elf Air Elementalist)     Turns: 2315, Time: 00:20:02

Health: -3/25      AC:  2    Str:  5    XL:     4   Next: 21%
Magic:  14/14      EV: 13    Int: 21    God:    Qazlal [......]
Gold:   124        SH:  0    Dex: 15    Spells: 4 memorised, 2 levels left

rFire  . . .     SeeInvis .     h - +0 short sword
rCold  . . .     Clarity  .     a - +0 robe
rNeg   . . .     SustAb   .     (no shield)
rPois  .         Gourm    .     (no helmet)
rElec  .         Spirit   .     (no cloak)
rCorr  .         Warding  .     (no gloves)
rMut   .         Stasis   .     (no boots)
MR     .....                    (no amulet)
Stlth  ++........               (no ring)
                                (no ring)

@: not resistant to hostile enchantments, unstealthy
A: no striking features
a: Renounce Religion


You were on level 3 of the Dungeon.
You worshipped Qazlal.
Qazlal was noncommittal.
You were not hungry.

You visited 1 branch of the dungeon, and saw 3 of its levels.

You collected 124 gold pieces.

Inventory:

Hand weapons
 h - a +0 short sword (weapon)
Armour
 a - a +0 robe (worn)
 g - a +0 robe
Jewellery
 r - an uncursed amulet of guardian spirit
Magical devices
 o - a wand of digging (17)
Scrolls
 d - a scroll of fog {unknown}
 e - a scroll of amnesia {unknown}
 f - 2 scrolls of magic mapping {unknown}
 j - a scroll of immolation {unknown}
 k - a scroll of identify {unknown}
Potions
 l - a potion of flight {unknown}
 m - a potion of heal wounds {unknown}
 n - a potion of haste {unknown}
 s - a potion of cure mutation {unknown}
Books
 b - a book of Air

   Spells                             Type                      Level
   a - Shock                          Conjuration/Air              1
   b - Swiftness                      Charms/Air                   2
   c - Repel Missiles                 Charms/Air                   2
   d - Flight                         Charms/Air                   3
   e - Static Discharge               Conjuration/Air              3
   f - Lightning Bolt                 Conjuration/Air              5
Comestibles
 c - 3 bread rations
 i - a beef jerky
 p - a slice of pizza
 q - 3 fruits


   Skills:
 * Level 1.0 Fighting
 + Level 0.6 Short Blades
 * Level 0.1 Armour
 * Level 2.8 Dodging
 - Level 3.2 Stealth
 * Level 3.8 Spellcasting
 + Level 1.7 Conjurations
 + Level 1.1 Charms
 * Level 3.2 Air Magic
 * Level 0.0 Invocations


You had 2 spell levels left.
You knew the following spells:

 Your Spells              Type           Power        Failure   Level  Hunger
a - Shock                 Conj/Air       ##..         6%          1    None
b - Repel Missiles        Chrm/Air       ##....       10%         2    #......
c - Swiftness             Chrm/Air       ##......     10%         2    #......
d - Static Discharge      Conj/Air       ##......     17%         3    ###....


Dungeon Overview and Level Annotations

Branches:
Dungeon (3/15)

Altars:
Qazlal


Message History

There is a stone staircase leading up here.
You climb upwards.
You start to feel a little slower.
There is a stone staircase leading down here.
You start resting.
You feel sluggish.
You start resting.
Magic restored.
You start resting.
You start to feel a little faster.
You start resting.
You no longer feel sluggish.
You start resting.
HP restored.
You climb downwards.
The gnoll shouts!
The gnoll closely misses you. The gnoll hits you with a halberd!
There is a stone staircase leading up, spattered with blood here.
The gnoll hits you with a flail. The gnoll hits you with a halberd!
You die...

#. .## ..# .# #.# .#
########.#####.#.
.........(........
##..).##..#
##.....##.#
##.....†@..#
#...##......g.g.##
#.........)......#
#...#####......g#...#
<. #.....#.# #$#
#......$# # #....#..#
#.##.#..#
......#..###.#


You could see 3 gnolls.

Vanquished Creatures
  A gnoll (D:1)
  2 adders (D:2)
  A worm (D:2)
  A giant gecko (D:2)
  2 oozes
  3 giant cockroaches
  6 goblins
  7 hobgoblins
  A ball python (D:1)
  6 bats
  4 giant newts
  2 jackals (D:1)
  6 kobolds
  6 rats
48 creatures vanquished.

Vanquished Creatures (others)
  A kobold (D:1)
1 creature vanquished.

Grand Total: 49 creatures vanquished

Notes
Turn   | Place    | Note
--------------------------------------------------------------
     0 | D:1      | Kidiri, the Deep Elf Air Elementalist, began the quest for the Orb.
     0 | D:1      | Reached XP level 1. HP: 10/10 MP: 5/5
   227 | D:1      | Reached XP level 2. HP: 12/15 MP: 0/8
   231 | D:1      | Learned a level 2 spell: Repel Missiles
   234 | D:1      | Learned a level 2 spell: Swiftness
  1090 | D:1      | Reached XP level 3. HP: 20/20 MP: 8/11
  1391 | D:1      | Learned a level 3 spell: Static Discharge
  1623 | D:2      | Reached skill level 1 in Fighting
  1938 | D:2      | Reached skill level 1 in Charms
  1938 | D:2      | Reached XP level 4. HP: 25/25 MP: 14/14
  2022 | D:2      | Found a stormy altar of Qazlal.
  2032 | D:2      | Became a worshipper of Qazlal Stormbringer
  2315 | D:3      | Slain by a gnoll

Action                   |  1- 3 |  4- 6 || total
-------------------------+-------+-------++-------
Melee: Short sword       |    32 |    17 ||    49
 Cast: Shock             |    77 |     9 ||    86
       Swiftness         |     1 |     1 ||     2
  Use: Potion            |     1 |       ||     1
       Scroll            |       |     2 ||     2
 Stab: Sleeping          |     2 |       ||     2
  Eat: Chunk             |     2 |       ||     2
       Meat ration       |     1 |       ||     1
